 Dungeon Crawl Stone Soup version 0.23.1 (webtiles) character file.

Game seed: 17725569378013957134

528 Irenicus the Gouger (level 7, 0/31 HPs)
             Began as a Felid Chaos Knight on Mar 3, 2019.
             Was a Plaything of Xom.
             Slain by Harold
             ... wielding a +0 war axe of chopping
              (16 damage)
             ... on level 7 of the Dungeon.
             The game lasted 00:26:59 (3626 turns).

Irenicus the Gouger (Felid Chaos Knight)            Turns: 3626, Time: 00:27:00

Health: 0/31       AC:  2    Str: 13    XL:     7   Next: 3%
Magic:  9/9        EV: 28    Int: 15    God:    Xom [......]
Gold:   341        SH:  4    Dex: 23    Spells: 3/8 levels left
                                        Lives:  0   Deaths: 2

rFire    . . .     SeeInvis +     - Unarmed
rCold    . . .     Gourm    .   (shield unavailable)
rNeg     . . .     Faith    .   (armour unavailable)
rPois    .         Spirit   .   (helmet unavailable)
rElec    .         Reflect  .   (cloak unavailable)
rCorr    .         Harm     .   (gloves unavailable)
MR       ++...     Clarity  +   (boots unavailable)
Stlth    ++++++....             (no amulet)
HPRegen  0.10/turn              e - ring of stealth {Stlth+}
MPRegen  0.11/turn              h - ring of protection from magic {MR+, !d}

@: mighty, agile, quick
A: very small, no armour, no weapons or thrown items, stealth, claws 1, fangs 3,
horns 1, large bone plates 1, see invisible, carnivore, clarity, clever 1, speed
1, shaggy fur 2, slow metabolism 1, sharp paws
a: Renounce Religion


You were on level 7 of the Dungeon.
You worshipped Xom.
You were a very special plaything of Xom.
You were not hungry.

You visited 1 branch of the dungeon, and saw 7 of its levels.
You also visited: Ossuary.

You collected 341 gold pieces.

Inventory:

Jewellery
 e - a ring of stealth (left paw) {Stlth+}
   (You found it on level 1 of the Dungeon)
 h - a ring of protection from magic (right paw) {MR+, !d}
   (You found it on level 5 of the Dungeon)
Scrolls
 c - 8 scrolls of remove curse
 d - 7 scrolls of identify
 f - 3 scrolls of immolation {unknown}
 g - 4 scrolls of blinking {unknown}
 j - 5 scrolls of teleportation {unknown}
 m - 4 scrolls of enchant armour {unknown}
 n - 2 scrolls of random uselessness {unknown}
 o - a scroll of fog {unknown}
 q - a scroll of magic mapping {unknown}
Potions
 i - 3 potions of curing
 l - a potion of magic
 p - 3 potions of haste
 s - a potion of heal wounds
 t - a potion of might
Comestibles
 a - 9 rations


   Skills:
 - Level 3.0 Fighting
 - Level 6.1 Dodging
 - Level 6.7 Stealth
 * Level 8.4 Unarmed Combat
 - Level 1.0 Spellcasting
 + Level 2.4 Transmutations
 + Level 1.0 Earth Magic
   Level 1.0 Evocations


You had 3 spell levels left.
You knew the following spells:

 Your Spells              Type           Power        Failure   Level  Hunger
b - Blink                 Tloc           N/A          36%         2    ###....
v - Corona                Hex            #......      24%         1    ##.....
w - Passwall              Tmut/Erth      #.......     19%         2    ###....

Your spell library contained the following spells:

 Spells                   Type           Power        Failure   Level  Hunger
 Sticks to Snakes         Tmut           #.......     14%         2    ###....
 Summon Butterflies       Summ           #.......     24%         1    ##.....
 Summon Small Mammal      Summ           #...         24%         1    ##.....
 Call Imp                 Summ           #.......     36%         2    ###....
 Ensorcelled Hibernation  Hex/Ice        #.....       36%         2    ###....
 Call Canine Familiar     Summ           #.......     58%         3    ####...
 Confuse                  Hex            #.......     58%         3    ####...
 Dazzling Spray           Conj/Hex       #.....       58%         3    ####...
 Gell's Gravitas          Tloc           #.........   58%         3    ####...
 Summon Guardian Golem    Hex/Summ       #.......     58%         3    ####...
 Tukima's Dance           Hex            #.......     58%         3    ####...
 Airstrike                Air            #.........   94%         4    #####..
 Summon Ice Beast         Ice/Summ       #.......     94%         4    #####..
 Summon Lightning Spire   Summ/Air       #.......     94%         4    #####..
 Lightning Bolt           Conj/Air       #.........   100%        5    ######.
 Summon Forest            Summ/Tloc      #.........   100%        5    ######.
 Malign Gateway           Summ/Tloc      #.........   100%        7    #######
 Portal Projectile        Hex/Tloc       Unusable     N/A         3    N/A

Dungeon Overview and Level Annotations

Branches:
Dungeon (7/15)             Temple (0/1) D:7

Altars:
Dithmenos
Elyvilon
Sif Muna
Trog
Vehumet
Xom
Zin

Annotations:
D:7 Harold, Joseph


Innate Abilities, Weirdness & Mutations

You cannot wear armour.
You are incapable of wielding weapons or throwing items.
Your paws allow you to move quietly. (Stealth)
You have sharp claws.
You have razor-sharp teeth.
You have supernaturally acute eyesight. (SInv)
You are carnivorous and can eat meat at any time.
You cover ground quickly.
You are covered in thick fur. (AC +2)
You have a slow metabolism.
Your sharp claws are effective at attacking unaware monsters.
You have a pair of small horns on your head.
You are partially covered in large bone plates. (SH +4)
You possess an exceptional clarity of mind.
Your mind is acute. (Int +2)


Message History

The worker ant twitches its antennae in your direction.
Joseph shoots a sling bullet.
The sling bullet completely misses you.
You see here a sling bullet.
The adder hisses angrily.
You are now a toy of Xom.
Joseph shoots a sling bullet.
The sling bullet hits you!
You see here a sling bullet.
You take 8 damage, and have 10/31 hp.
MASSIVE DAMAGE!!
As you read the scroll labeled DUZETI NALEM, it crumbles to dust.
It is a scroll of identify.
p - 3 potions of haste The worker ant completely misses you.
Okay, then.
It was a potion of flight.
You feel very buoyant.
You fly up into the air.
The adder completely misses you. The worker ant completely misses you.
The black bear misses you. The black bear completely misses you.
The black bear claws you.
* * * LOW HITPOINT WARNING * * *
The adder misses you.
You take 2 damage, and have 9/31 hp.
It was a potion of berserk rage.
A red film seems to cover your vision as you go berserk!
You feel yourself moving faster!
You feel mighty!
Xom thinks this is hilarious!
The worker ant closely misses you. The adder completely misses you.
The black bear closely misses you. The black bear completely misses you.
The black bear misses you. The worker ant misses you.
You now have 13/46 hp.
You scratch the black bear. The adder closely misses you.
You claw the black bear! The black bear closely misses you.
The black bear claws you.
* * * LOW HITPOINT WARNING * * *
The black bear claws you but does no damage.
You block the worker ant's attack. The adder closely misses you.
You take 2 damage, and have 11/46 hp.
You claw the black bear! You headbutt the black bear.
You block the worker ant's attack.
The black bear goes berserk!
You closely miss the black bear. You headbutt the black bear.
You kill the black bear!
Your Transmutations skill increases to level 2!
The adder misses you.
You scratch the adder. You headbutt the adder.
You kill the adder!
You block the worker ant's attack.
You claw the worker ant! You block the worker ant's attack.
You claw the worker ant! Your headbutt misses the worker ant.
You claw the worker ant!
You kill the worker ant!
You claw Joseph!
Joseph unwields a +0 hunting sling.
Joseph wields a +1 quarterstaff of holy wrath.
It softly glows with a divine radiance!
Joseph completely misses you.
You barely miss Joseph. You headbutt Joseph! Your bite misses Joseph.
You are now a very special plaything of Xom.
You barely miss Joseph. You headbutt Joseph! You barely miss Joseph.
Joseph hits you with a +1 quarterstaff of holy wrath!
You die...
Xom snickers!
You are now level 6!
You rejoin the land of the living...
You now have 28/28 hp.
Things that are here:
a +0 shortbow; 14 arrows A worker ant comes into view.
The worker ant twitches its antennae in your direction.
You aren't carrying any items that you can evoke.
It was a potion of might.
You feel very mighty all of a sudden. The worker ant misses you.
You claw the worker ant! Your bite misses the worker ant.
The worker ant closely misses you.
You claw the worker ant!
You kill the worker ant!
Your Earth Magic skill increases to level 1!
Welcome back to level 7!
Health restored: 31; MP restored: 9 You see here a worker ant corpse.
Okay, then.
You aren't carrying any items that you can evoke.
Unknown command.
Joseph shouts!
Joseph unwields a +1 quarterstaff of holy wrath.
It stops glowing.
Joseph wields a +0 hunting sling.
Joseph shoots a sling bullet.
The sling bullet completely misses you.
Joseph shoots a sling bullet.
The sling bullet misses you.
You hear Xom's avuncular chuckle.
Harold seems to speed up.
Joseph shoots a sling bullet.
The sling bullet hits you!
You see here a sling bullet.
You take 7 damage, and have 24/31 hp.
MASSIVE DAMAGE!!
It was a potion of agility.
You feel agile all of a sudden. Harold gestures at you while chanting.
The harpoon shot hits you!
You are yanked forward by the harpoon shot.
Harold hits you with a +0 war axe of chopping!
Ouch! That really hurt!
You die...
Xom chortles!

#.#.# #..# #.#.#
#..#
#.#.####..###..
#...$(..........
#..#.#.#.#.#.... .
#..(....(.....#...
#..#.......#..##..
#@............#.##
#@.#...>...#....##
#@.(............(.
#(.#[......#..#.##
#(..?.........$..#
#..#.#.#.#.#....#.
##†.%..........#.#
#######.###....##
#.# #...## #.#
#...#


You could see Harold and Joseph.

Vanquished Creatures
  An orc warrior (D:6)
  3 black bears
  2 centaurs
  An ogre (D:4)
  2 elf zombies (Ossuary)
  A bullfrog (D:7)
  2 crimson imps
  A quasit (D:6)
  A centaur zombie (Ossuary)
  A human zombie (Ossuary)
  An orc priest (D:3)
  3 orc wizards
  Ijyb (D:3)
  4 worker ants
  A big kobold zombie (Ossuary)
  A hound skeleton (D:5)
  2 mummies (Ossuary)
  6 adders
  2 shadow imps
  An ooze (D:1)
  4 adder zombies
  2 dart slugs
  4 leopard geckos
  12 orcs
  6 giant cockroaches
  3 hobgoblins
  3 jackals (D:5)
  A quokka (D:6)
  2 ball pythons
  8 bats
  7 frilled lizards
  5 goblins
  2 goblin zombies (Ossuary)
  9 hobgoblin zombies (Ossuary)
  2 jackal zombies (Ossuary)
  7 kobolds
  8 kobold zombies (Ossuary)
  A leopard gecko zombie (D:5)
  8 orc zombies (Ossuary)
  2 rats
133 creatures vanquished.

Vanquished Creatures (collateral kills)
  A centaur (D:5)
1 creature vanquished.

Grand Total: 134 creatures vanquished

Notes
Turn   | Place    | Note
-------+----------+-------------------------------------------
     0 | D:1      | Irenicus the Felid Chaos Knight began the quest for the
                  | Orb.
     0 | D:1      | Reached XP level 1. HP: 10/10 MP: 2/2
   183 | D:1      | Reached skill level 1 in Stealth
   227 | D:1      | Reached XP level 2. HP: 14/14 MP: 3/3
   255 | D:1      | Reached skill level 2 in Stealth
   459 | D:1      | XOM: silly message
   816 | D:2      | Reached XP level 3. HP: 17/17 MP: 4/4
   829 | D:2      | Reached skill level 3 in Stealth
   916 | D:2      | XOM: harmless Ice miscast
  1045 | D:2      | Reached skill level 4 in Unarmed Combat
  1105 | D:3      | HP: 3/17 [adder (4)]
  1105 | D:3      | XOM: smoke on damage
  1119 | D:3      | Reached XP level 4. HP: 14/21 MP: 5/5
  1128 | D:3      | Found a glowing silver altar of Zin.
  1155 | D:3      | Reached skill level 4 in Stealth
  1319 | D:3      | XOM: harmless Fire miscast
  1370 | D:3      | XOM: harmless Necr miscast
  1376 | D:3      | Noticed Ijyb
  1386 | D:3      | Paralysed by Ijyb for 5 turns
  1390 | D:3      | XOM: blink monster(s)
  1392 | D:3      | Killed Ijyb
  1392 | D:3      | Reached XP level 5. HP: 11/24 MP: 6/6
  1428 | D:3      | Found a bloodstained altar of Trog.
  1433 | D:3      | XOM: potion effect (brilliance)
  1435 | D:3      | HP: 6/24 [goblin/stone (1)]
  1613 | D:4      | XOM: harmless Summ miscast
  1616 | D:4      | XOM: divination: magic mapping
  1652 | D:4      | Reached skill level 5 in Stealth
  1657 | D:4      | XOM: enchant monster (good)
  1747 | D:4      | Reached skill level 5 in Unarmed Combat
  1854 | D:4      | Noticed an ogre
  1869 | D:4      | Killed an ogre
  1869 | D:4      | Reached skill level 6 in Stealth
  1869 | D:4      | Gained mutation: You are covered in thick fur. (AC +2)
                  | [Felid growth]
  1869 | D:4      | Reached XP level 6. HP: 26/28 MP: 7/7
  2109 | D:5      | Entered Level 5 of the Dungeon
  2169 | D:5      | XOM: cleaving
  2170 | D:5      | XOM: confuse monster(s)
  2242 | D:5      | Reached skill level 1 in Evocations
  2427 | D:5      | XOM: scenery: create altars
  2456 | D:5      | XOM: mild Chrm miscast
  2477 | D:5      | Found a sand-covered staircase.
  2484 | Ossuary  | Entered an ossuary
  2548 | Ossuary  | XOM: 4-stop teleportation journey
  2579 | Ossuary  | XOM: mild Erth miscast
  2583 | Ossuary  | XOM: butterfly on damage
  2585 | Ossuary  | Reached skill level 4 in Dodging
  2590 | Ossuary  | XOM: summons 3 friendly demons
  2600 | Ossuary  | Reached XP level 7. HP: 23/31 MP: 8/8
  2628 | Ossuary  | XOM: noise
  2686 | Ossuary  | XOM: enchant monster (bad)
  2691 | Ossuary  | XOM: enchant monster (bad)
  2703 | Ossuary  | HP: 2/31 [human zombie (8)]
  2707 | Ossuary  | Reached skill level 6 in Unarmed Combat
  2717 | Ossuary  | Reached skill level 5 in Dodging
  2718 | Ossuary  | Gained mutation: Your spells are a little easier to cast,
                  | but a little less powerful. [potion of mutation]
  2718 | Ossuary  | Gained mutation: You are resistant to hostile enchantments.
                  | (MR+) [potion of mutation]
  2718 | Ossuary  | Gained mutation: You do not regenerate when monsters are
                  | visible. [potion of mutation]
  2718 | Ossuary  | Gained mutation: Your flesh is cold resistant. (rC+)
                  | [potion of mutation]
  2722 | Ossuary  | Lost mutation: Your spells are a little easier to cast, but
                  | a little less powerful. [potion of mutation]
  2722 | Ossuary  | Lost mutation: You do not regenerate when monsters are
                  | visible. [potion of mutation]
  2722 | Ossuary  | Lost mutation: You are resistant to hostile enchantments.
                  | (MR+) [potion of mutation]
  2722 | Ossuary  | Lost mutation: Your flesh is cold resistant. (rC+) [potion
                  | of mutation]
  2722 | Ossuary  | Gained mutation: You are partially covered in large bone
                  | plates. (SH +4) [potion of mutation]
  2722 | Ossuary  | Gained mutation: Your mind is acute. (Int +2) [potion of
                  | mutation]
  2722 | Ossuary  | Gained mutation: You possess an exceptional clarity of
                  | mind. [potion of mutation]
  2722 | Ossuary  | Gained mutation: You have a pair of small horns on your
                  | head. [potion of mutation]
  2799 | D:5      | XOM: noise
  2823 | D:5      | XOM: summons friendly iron imp
  2852 | D:5      | XOM: 3-stop teleportation journey
  2939 | D:6      | Identified Zynek's Guide on Feathery Summoning
  2983 | D:6      | XOM: harmless Chrm miscast
  3010 | D:6      | XOM: medium Ice miscast
  3020 | D:6      | Found a white marble altar of Elyvilon.
  3023 | D:6      | XOM: noise
  3045 | D:6      | Reached skill level 6 in Dodging
  3045 | D:6      | Reached skill level 7 in Unarmed Combat
  3084 | D:6      | Learned a level 1 spell: Corona
  3125 | D:6      | Identified Ikhuuceicit's Catalogue of the Unstable Voyage
  3130 | D:6      | Learned a level 2 spell: Passwall
  3133 | D:6      | Learned a level 2 spell: Blink
  3199 | D:6      | Reached XP level 8. HP: 16/34 MP: 9/9
  3215 | D:6      | HP: 2/34 [orc warrior/stone (15)]
  3216 | D:6      | Hit by a stone thrown by an orc warrior
  3217 | D:6      | Reached XP level 7. HP: -10/31 MP: 8/8
  3225 | D:6      | Reached skill level 1 in Spellcasting
  3237 | D:6      | Found a shadowy altar of Dithmenos.
  3324 | D:7      | Found a staircase to the Ecumenical Temple.
  3328 | D:7      | Noticed Joseph
  3398 | D:7      | Found a radiant altar of Vehumet.
  3409 | D:7      | XOM: smoke on damage
  3452 | D:7      | Found a deep blue altar of Sif Muna.
  3479 | D:7      | Reached skill level 8 in Unarmed Combat
  3479 | D:7      | Reached skill level 1 in Transmutations
  3490 | D:7      | XOM: noise
  3497 | D:7      | XOM: enchant monster (bad)
  3539 | D:7      | XOM: silly message
  3562 | D:7      | Noticed Harold
  3574 | D:7      | HP: 11/46 [black bear (2)]
  3576 | D:7      | Reached skill level 2 in Transmutations
  3584 | D:7      | Slain by Joseph
  3585 | D:7      | Reached XP level 6. HP: 0/42 MP: 8/8
  3611 | D:7      | Reached skill level 1 in Earth Magic
  3611 | D:7      | Reached XP level 7. HP: 31/31 MP: 9/9
  3625 | D:7      | XOM: enchant monster (bad)
  3626 | D:7      | Slain by Harold

Skill      XL: |  1  2  3  4  5  6  7 |
---------------+----------------------+-----
Stealth        | 1 2 3 4 6 |  6.7
Unarmed Combat | 4 5 8 |  8.4
Evocations     | 1 |  1.0
Dodging        | 4 6 |  6.1
Spellcasting   | 1 |  1.0
Transmutations | 2 |  2.4
Earth Magic    | 1 |  1.0
Fighting       | |  3.0

Action                   |  1- 3 |  4- 6 |  7- 9 || total
-------------------------+-------+-------+-------++-------
Melee: Unarmed           |   122 |   135 |   150 ||   407
       Bite              |     7 |    13 |    11 ||    31
       Punch             |     1 |     3 |     4 ||     8
       Headbutt          |       |       |    12 ||    12
Evoke: Wand              |       |     3 |    18 ||    21
  Use: Potion            |     3 |     3 |     6 ||    12
       Scroll            |       |       |     2 ||     2
 Stab: Sleeping          |     8 |    20 |     5 ||    33
       Distracted        |       |     1 |       ||     1
       Petrified         |       |     2 |       ||     2
  Eat: Chunk             |       |     2 |     4 ||     6
Armor: Skin              |     3 |     7 |     9 ||    19
Dodge: Dodged            |    99 |    82 |   134 ||   315
Block: Other             |       |       |    22 ||    22

Levels and vault maps discovered:
D:1:      psy_arrival_radial02, layout_loops_ring, roderic_serpentine_path,
          minmay_crystal_room
D:2:      layout_basic, first_ration
D:3:      layout_basic, lemuel_doored_altar, trog_hazing_becter, uniq_ijyb
D:4:      layout_basic
D:5:      layout_basic, chequers_ossuary_entry_cave
D:6:      layout_basic, elyvilon_altar_5, grunt_dithmenos_smoke_and_mirrors,
          uniq_blork_the_orc
D:7:      layout_loops_ring, lemuel_blue_sif_altar,
          nicolae_overflow_hidden_temple, minmay_temple_entry_glass,
          uniq_joseph, uniq_harold
Ossuary:  ossuary_tomb_1

Table legend:
 A = Turns spent in this place as a percentage of turns spent in the entire game.
 B = Non-inter-level travel turns spent in this place as a percentage of non-inter-level travel turns spent in the entire game.
 C = Inter-level travel turns spent in this place as a percentage of turns spent in this place.
 D = Turns resting spent in this place as a percentage of non-inter-level travel turns spent in this place.
 E = Turns spent auto-exploring this place as a percentage of non-inter-level travel turns spent in this place.
 F = Non-inter-level travel turns spent in this place divided by the number of levels of this place that you've seen.
                   A       B       C       D       E      F
               +-------+-------+-------+-------+-------+----------------------
         Total | 100.0 | 100.0 |   0.3 |   0.0 |   0.0 | 451.9
       Dungeon |  91.5 |  91.5 |   0.3 |   0.0 |   0.0 | 472.6
       Ossuary |   8.5 |   8.5 |   0.0 |   0.0 |   0.0 | 307.0
               +-------+-------+-------+-------+-------+----------------------

Table legend:
 A = Kills in this place as a percentage of kills in entire the game.
 B = Kills by you in this place as a percentage of kills by you in the entire game.
 C = Kills by friends in this place as a percentage of kills by friends in the entire game.
 D = Other kills in this place as a percentage of other kills in the entire game.
 E = Experience gained in this place as a percentage of experience gained in the entire game.
 F = Experience gained in this place divided by the number of levels of this place that you have seen.
                   A       B       C       D       E      F
               +-------+-------+-------+-------+-------+----------------------
         Total | 100.0 | 100.0 | 100.0 |   N/A | 100.0 | 268.1
       Dungeon |  71.6 |  71.4 | 100.0 |   N/A |  82.8 | 253.9
       Ossuary |  28.4 |  28.6 |   0.0 |   N/A |  17.2 | 368.0
               +-------+-------+-------+-------+-------+----------------------
